 Dungeon Crawl Stone Soup version 0.22-a0-348-gd16d139 (console) character file.

14746 toffzen the Grappler (level 11, -11/109 HPs)
             Began as a Troll Transmuter on Apr 10, 2018.
             Was a Priest of Wu Jian.
             Mangled by a 13-headed hydra (14 damage)
             ... on level 1 of the Lair of Beasts on Apr 11, 2018.
             The game lasted 00:45:42 (12228 turns).

toffzen the Grappler (Troll Transmuter)            Turns: 12228, Time: 00:45:43

Health: -11/109    AC:  6    Str: 20    XL:     11   Next: 92%
Magic:  11/11      EV: 21    Int:  9    God:    Wu Jian [***...]
Gold:   873        SH:  0    Dex: 13    Spells: 9/12 levels left

rFire    . . .     SeeInvis .     - Unarmed
rCold    . . .     Gourm    +   (no shield)
rNeg     . . .     Faith    .   n - +0 robe (curse)
rPois    .         Spirit   .   (helmet restricted)
rElec    .         Reflect  .   B - +0 cloak
rCorr    .         Harm     .   (gloves unavailable)
MR       .....                  (boots unavailable)
Stlth    +.........             (no amulet)
HPRegen  0.68/turn              v - +2 ring of evasion
MPRegen  0.12/turn              D - +5 ring of evasion

@: exhausted
A: large, unfitting armour, claws 3, fast metabolism 3, gourmand, regeneration
1, shaggy fur 1, tough skin 2
a: Wall Jump, Serpent's Lash, Renounce Religion


You were on level 1 of the Lair of Beasts.
You worshipped Wu Jian.
Wu Jian was most pleased with you.
You were completely stuffed.

You visited 3 branches of the dungeon, and saw 13 of its levels.

You collected 873 gold pieces.

Inventory:

Hand Weapons
 p - a +0 hunting sling
Missiles
 a - 195 arrows
 i - 247 stones
 u - 105 sling bullets
 P - 2 large rocks (quivered)
Armour
 j - a +1 shield of protection
 n - a cursed +0 robe (worn)
 B - a +0 cloak (worn)
Jewellery
 f - an uncursed ring of positive energy
 k - an uncursed ring of protection from fire
 r - a +3 ring of evasion
 v - a +2 ring of evasion (left claw)
 D - a +5 ring of evasion (right claw)
Wands
 t - a wand of flame (19)
 x - a wand of polymorph (20)
 E - a wand of iceblast (29)
 N - a wand of paralysis (9)
Scrolls
 h - 2 scrolls of noise {unknown}
 l - 4 scrolls of teleportation {unknown}
 o - a scroll of random uselessness {unknown}
 q - 6 scrolls of remove curse
 A - a scroll of blinking {unknown}
 C - a scroll of enchant weapon {unknown}
 G - a scroll of magic mapping {unknown}
 J - a scroll of fear {unknown}
 K - a scroll of silence {unknown}
 Q - a scroll of enchant armour {unknown}
Potions
 c - 3 potions of resistance
 e - a potion of curing
 g - 3 potions of agility
 m - 2 potions of degeneration
 s - 2 potions of mutation
 w - a potion of magic
 z - 2 potions of brilliance
 F - 2 potions of flight
 H - 2 potions of cancellation {unknown}
 L - a potion of berserk rage {unknown}
 M - 2 potions of haste
Comestibles
 d - 29 rations
 I - 2 chunks of flesh


   Skills:
 + Level 7.4 Fighting
 + Level 7.5 Dodging
 * Level 12.5 Unarmed Combat
 - Level 1.2 Spellcasting
 + Level 6.7 Transmutations


You had 9 spell levels left.
You knew the following spells:

 Your Spells              Type           Power        Failure   Level  Hunger
a - Beastly Appendage     Tmut           ##....       2%          1    ##.....
b - Sticks to Snakes      Tmut           ##......     3%          2    ###....


Dungeon Overview and Level Annotations

Branches:
Dungeon (11/15)            Temple (1/1) D:5            Lair (1/6) D:9
    Orc: D:9-12

Altars:
Ashenzari
Cheibriados
Dithmenos
Elyvilon
Fedhas
Gozag
Hepliaklqana
Kikubaaqudgha
Makhleb
Nemelex Xobeh
Okawaru
Qazlal
Ru
Sif Muna
Trog
Uskayaw
Vehumet
Wu Jian
Xom
Yredelemnul
Zin
The Shining One

Shops:
D:6 %   D:7 :   D:8 %

Annotations:
D:6 exclusion: 2 doors
D:8 1 runed door


Innate Abilities, Weirdness & Mutations

You are too large for most types of armour.
You have claws for hands.
Your metabolism is lightning-fast.
You like to eat raw meat.
Your natural rate of healing is unusually fast.
You are covered in fur. (AC +1)
You have very tough skin. (AC +2)


Message History

Unknown command.
You scratch the 12-headed hydra.
The 12-headed hydra is severely wounded.
The 12-headed hydra misses you. The 12-headed hydra bites you!
The 12-headed hydra completely misses you.
The 12-headed hydra misses you. x2; The 12-headed hydra bites you!
* * * LOW HITPOINT WARNING * * *
The 12-headed hydra barely misses you. The 12-headed hydra closely misses you.
The 12-headed hydra completely misses you.
The 12-headed hydra bites you!
* * * LOW HITPOINT WARNING * * *
The 12-headed hydra bites you.
* * * LOW HITPOINT WARNING * * *
The 12-headed hydra bites you!
* * * LOW HITPOINT WARNING * * *
You tear one of the 12-headed hydra's heads off!
The 11-headed hydra grows two more!
You mangle the 13-headed hydra!!
The 13-headed hydra is almost dead.
The 13-headed hydra closely misses you. The 13-headed hydra bites you!
You die...

..... ## P.... #.###... ..#
......# #.## #....# ###
##..# ##....###.#####...# ##
#P....P...........## .##.#
#.D@...........>..## .....#
##.#...............#
......###.#.............#+#
............#.........#.8.#
........#.#.##......###...#
........#.#####..###.......
..........P##.#..P#........
........#.........#.......^
..#.#.P##.รท..........##....


You could see a 13-headed hydra.

Vanquished Creatures
  4 two-headed ogres
  2 death yaks (D:9)
  Urug (D:10)
  The ghost of Gorglomux the Protected, a novice MiEE of Okawaru (D:8)
  Sonja (D:10)
  A deep elf mage (D:10)
  A cyclops (D:11)
  Maurice (D:10)
  A spiny frog (Lair:1)
  A hippogriff (D:11)
  13 yaks
  A basilisk (Lair:1)
  3 water moccasins
  2 ice beasts
  3 orc warriors
  A phantom (D:8)
  2 sky beasts
  3 black bears
  6 ogres
  A necrophage (D:11)
  3 wolves (Lair:1)
  5 centaurs
  8 bullfrogs
  4 scorpions
  2 wyvern skeletons (D:9)
  11 killer bees
  7 wights
  A howler monkey (D:11)
  2 centaur zombies
  2 crimson imps
  2 bullfrog skeletons
  6 hounds
  3 jellies
  8 orc wizards
  5 orc priests
  A centaur skeleton (D:9)
  5 iguanas
  8 worker ants
  A hound skeleton (D:4)
  10 adders
  3 gnolls (D:3)
  A howler monkey skeleton (D:7)
  2 shadow imps
  An ooze (D:4)
  2 adder skeletons
  An adder zombie (D:7)
  3 worms
  3 dart slugs
  3 leopard geckos
  35 orcs
  2 giant cockroaches
  10 goblins
  13 hobgoblins
  4 jackals (D:10)
  7 kobolds
  10 quokkas
  12 bats
  4 frilled lizards
  A jackal skeleton (D:4)
  A leopard gecko zombie (D:6)
  2 quokka skeletons
  A quokka zombie (D:8)
  7 rats
271 creatures vanquished.

Notes
Turn   | Place    | Note
-------+----------+-------------------------------------------
     0 | D:1      | toffzen the Troll Transmuter began the quest for the Orb.
     0 | D:1      | Reached XP level 1. HP: 18/18 MP: 1/1
   129 | D:1      | Reached skill level 1 in Fighting
   134 | D:1      | Reached XP level 2. HP: 27/27 MP: 2/2
   961 | D:2      | Reached XP level 3. HP: 32/33 MP: 3/3
  1159 | D:2      | Learned a level 2 spell: Sticks to Snakes
  1272 | D:2      | Found a glowing silver altar of Zin.
  1525 | D:2      | Reached skill level 4 in Unarmed Combat
  1804 | D:3      | Reached XP level 4. HP: 40/41 MP: 4/4
  2005 | D:3      | Found a shattered altar of Ashenzari.
  2536 | D:3      | Reached XP level 5. HP: 49/49 MP: 5/5
  2992 | D:4      | Reached skill level 5 in Unarmed Combat
  2992 | D:4      | Reached XP level 6. HP: 58/58 MP: 6/6
  3795 | D:5      | Entered Level 5 of the Dungeon
  3899 | D:5      | Found a shadowy altar of Dithmenos.
  3999 | D:5      | Reached XP level 7. HP: 62/66 MP: 7/7
  4198 | D:5      | Found a hazy altar of Hepliaklqana.
  4268 | D:5      | Found a snail-covered altar of Cheibriados.
  4434 | D:5      | Found a staircase to the Ecumenical Temple.
  4439 | Temple   | Entered the Ecumenical Temple
  4650 | Temple   | Became a worshipper of the Wu Jian Council
  4947 | D:5      | Found an ancient bone altar of Kikubaaqudgha.
  5006 | D:6      | Found a stormy altar of Qazlal.
  5018 | D:5      | Reached skill level 6 in Unarmed Combat
  5384 | D:6      | Reached XP level 8. HP: 75/75 MP: 8/8
  5643 | D:5      | Found a glowing golden altar of the Shining One.
  5643 | D:5      | Found a sparkling altar of Nemelex Xobeh.
  5663 | D:6      | Reached skill level 7 in Unarmed Combat
  5755 | D:6      | Reached * piety under Wu Jian
  5803 | D:6      | Found Zikucsig's Food Boutique.
  6349 | D:7      | Reached skill level 8 in Unarmed Combat
  6543 | D:7      | Reached XP level 9. HP: 79/85 MP: 9/9
  6619 | D:7      | Found Lijif's Book Shoppe.
  7338 | D:8      | Noticed Gorglomux's ghost (novice MiEE)
  7355 | D:8      | Killed Gorglomux's ghost
  7355 | D:8      | Reached skill level 5 in Dodging
  7355 | D:8      | Reached skill level 9 in Unarmed Combat
  7433 | D:8      | Reached skill level 5 in Fighting
  7547 | D:8      | Noticed a sixfirhy
  7548 | D:8      | Found a runed door.
  7596 | D:8      | Found Pump's Food Emporium.
  7662 | D:8      | Noticed a two-headed ogre
  7669 | D:8      | Killed a two-headed ogre
  7669 | D:8      | Reached XP level 10. HP: 89/96 MP: 10/10
  7792 | D:8      | Reached skill level 5 in Transmutations
  8397 | D:9      | Noticed a two-headed ogre
  8408 | D:9      | Killed a two-headed ogre
  8408 | D:9      | Reached skill level 10 in Unarmed Combat
  8539 | D:9      | Reached ** piety under Wu Jian
  8726 | D:9      | Noticed a death yak
  8727 | D:9      | Noticed a death yak
  8816 | D:9      | Killed a death yak
  8827 | D:9      | Killed a death yak
  8916 | D:9      | Found a staircase to the Lair.
  9244 | D:10     | Entered Level 10 of the Dungeon
  9325 | D:10     | Noticed Maurice
  9331 | D:10     | Killed Maurice
  9331 | D:10     | Reached skill level 11 in Unarmed Combat
  9405 | D:10     | Noticed a deep elf mage
  9416 | D:10     | Killed a deep elf mage
  9537 | D:10     | Reached XP level 11. HP: 93/107 MP: 11/11
  9744 | D:10     | Noticed Urug
  9756 | D:10     | Killed Urug
 10327 | D:10     | Noticed Sonja
 10346 | D:10     | Killed Sonja
 10517 | D:10     | Noticed a two-headed ogre
 10533 | D:10     | Killed a two-headed ogre
 10533 | D:10     | Reached *** piety under Wu Jian
 10702 | D:11     | Noticed a two-headed ogre
 10714 | D:11     | Killed a two-headed ogre
 10714 | D:11     | Reached skill level 12 in Unarmed Combat
 11697 | Lair:1   | Entered Level 1 of the Lair of Beasts
 12023 | Lair:1   | Noticed a six-headed hydra
 12227 | Lair:1   | HP: 3/109 [12-headed hydra (14)]
 12228 | Lair:1   | Mangled by a 13-headed hydra

Vault maps used:
D:1:      doesnt_arrival_eight_statues, minmay_misc_feat_enclosed,
          corexii_hall_statues_x
D:2:      lemuel_round_altar, grunt_ministairs_13
D:3:      cheibrodos_ashenzari_chains, nrook_mini_backslash
D:4:      first_ration
D:5:      nicolae_overflow_hidden_temple, overflow_temple_1_default,
          temple_statues, nicolae_dithmenos_through_a_glass_darkly
D:6:      kennysheep_big_flooded_room, serial_shops, shop,
          nicolae_qazlal_general_emergency
D:7:      serial_shops, shop
D:8:      cheibrodos_shockbox, serial_shops, shop
D:9:      dpeg_lair_monsters, nicolae_two_hexagons
D:10:     uniq_sonja, uniq_urug, uniq_maurice
Temple:   regret_index_temple_generic_petals
Lair:1:   grunt_megastairs_5

Skill      XL: |  1  2  3  4  5  6  7  8  9 10 11 |
---------------+----------------------------------+-----
Fighting       | 1 2 3 4 5 6 7 |  7.4
Dodging        | 2 3 4 5 6 7 |  7.5
Unarmed Combat | 4 5 6 8 9 11 12 | 12.5
Transmutations | 2 3 4 5 6 |  6.7
Spellcasting   | |  1.2

Action                   |  1- 3 |  4- 6 |  7- 9 | 10-12 || total
-------------------------+-------+-------+-------+-------++-------
Melee: Unarmed           |   142 |   175 |   344 |   367 ||  1028
       Punch             |       |     2 |     5 |    16 ||    23
Throw: Stone             |     3 |    36 |     3 |     5 ||    47
       Large rock        |       |       |       |     2 ||     2
Invok: Lunge             |       |       |    37 |    57 ||    94
       Whirlwind         |       |       |    15 |    27 ||    42
       Wall Jump         |       |       |       |    29 ||    29
       Serpent's Lash    |       |       |       |     3 ||     3
Evoke: Wand              |       |       |     1 |       ||     1
  Use: Scroll            |       |     7 |     1 |     4 ||    12
       Potion            |       |       |       |     5 ||     5
 Stab: Sleeping          |     1 |     1 |     2 |     1 ||     5
  Eat: Chunk             |    21 |    15 |    29 |    46 ||   111
       Ration            |       |       |     2 |       ||     2
Armor: Robe              |    65 |    34 |    52 |    37 ||   188
Dodge: Dodged            |    75 |    80 |   159 |   298 ||   612
Block: Shield            |       |    14 |    79 |       ||    93

Table legend:
 A = Spawn XP
 B = Non-spawn XP
 C = Spawn XP percentage of total XP
 D = Spawn monster count
 E = Non-spawn monster count
 F = Spawn count percentage of total count
 G = Total turns spent on level
                    A         B        C        D         E        F      G
               +---------+---------+-------+---------+---------+-------+---------
         Total |       0 |   21067 |   0.0 |       0 |     271 |   0.0 | 12228
               +---------+---------+-------+---------+---------+-------+---------
           D:1 |       0 |      40 |   0.0 |       0 |      24 |   0.0 |   938
           D:2 |       0 |      56 |   0.0 |       0 |      22 |   0.0 |   858
           D:3 |       0 |     135 |   0.0 |       0 |      30 |   0.0 |   945
           D:4 |       0 |     354 |   0.0 |       0 |      17 |   0.0 |  1054
           D:5 |       0 |     483 |   0.0 |       0 |      17 |   0.0 |  1115
           D:6 |       0 |    1213 |   0.0 |       0 |      34 |   0.0 |   989
           D:7 |       0 |    1000 |   0.0 |       0 |      17 |   0.0 |  1086
           D:8 |       0 |    2816 |   0.0 |       0 |      21 |   0.0 |   928
           D:9 |       0 |    3403 |   0.0 |       0 |      18 |   0.0 |  1216
          D:10 |       0 |    6108 |   0.0 |       0 |      31 |   0.0 |  1506
          D:11 |       0 |    3016 |   0.0 |       0 |      26 |   0.0 |   920
        Lair:1 |       0 |    2443 |   0.0 |       0 |      14 |   0.0 |   433
               +---------+---------+-------+---------+---------+-------+---------
